 Dungeon Crawl Stone Soup version 0.30-b1-2-g02819fbbbe (webtiles) character file.

Game seed: 15042426486994888925

49 Mesmaeker13 the Conjurer (level 3, 0/45 HPs)
             Began as a Demigod Reaver on July 15, 2023.
             Slain by a goblin
             ... wielding a +0 dagger
             ... led by Robin
              (2 damage)
             ... on level 2 of the Dungeon.
             The game lasted 00:02:14 (1374 turns).

Mesmaeker13 the Conjurer (Demigod Reaver)           Turns: 1374, Time: 00:02:15

Health: 0/45       AC:  3    Str: 13    XL:     3   Next: 32%
Magic:  9/9        EV: 12    Int: 19    God:
Gold:   62         SH:  0    Dex: 18    Spells: 5/6 levels left

rFire   . . .        f - +0 mace
rCold   . . .        (no shield)
rNeg    . . .        b - +0 leather armour
rPois   .            (no helmet)
rElec   .            (no cloak)
rCorr   .            (no gloves)
SInv    .            (no boots)
Will    .....        (no amulet) Stlth
                     e - ring of wizardry
HPRegen 0.27/turn    h - +6 ring of dexterity
MPRegen 0.11/turn

%: wizardry (x1)
@: berserking, hasted, very quick
A: high MP 1, forlorn, divine attributes
a: no special abilities


You were on level 2 of the Dungeon.
You visited 1 branch of the dungeon, and saw 2 of its levels.

You collected 62 gold pieces.

Inventory:

Hand Weapons
 a - a +0 falchion
 f - a +0 mace (weapon)
Armour
 b - a +0 leather armour (worn)
Jewellery
 e - a ring of wizardry (left hand)
 h - a +6 ring of dexterity (right hand)
 j - an amulet of magic regeneration
Scrolls
 c - a scroll of butterflies {unknown}
 d - a scroll of fog {unknown}
 g - a scroll of teleportation {unknown}
 i - a scroll of amnesia
 k - a scroll of blinking {unknown}
 n - 2 scrolls of fear {unknown}
Potions
 o - a potion of mutation {unknown}


   Skills:
 + Level 2.3 Fighting
 - Level 2.6 Long Blades
 + Level 2.3 Dodging
 + Level 2.2 Spellcasting
 + Level 3.1 Conjurations


You had 5 spell levels left.
You knew the following spells:

 Your Spells              Type           Power      Damage    Failure   Level
a - Kiss of Death         Conj/Necr      32%        2d7       4%          1

Your spell library contained the following spells:

 Spells                   Type           Power      Damage    Failure   Level
 Magic Dart               Conj           56%        1d5       2%          1
 Momentum Strike          Conj/Tloc      16%        3d8       7%          2
 Call Imp                 Summ           4%         N/A       13%         2
 Hailstorm                Conj/Ice       8%         3d4       13%         3
 Mephitic Cloud           Conj/Pois/Air  6%         N/A       16%         3


Dungeon Overview and Level Annotations

Branches:
Dungeon (2/15)

Annotations:
D:2 Robin


Innate Abilities, Weirdness & Mutations

You have an increased reservoir of magic. (+10% MP)
You shall have no god before yourself.
Your divine heritage dramatically boosts your attributes as you level up.


Message History

You kill the hobgoblin!
The goblin hits you with a +0 dagger. x2
You hit the goblin but do no damage. The goblin closely misses you.
The goblin barely misses you. The goblin hits you with a +0 dagger.
You thump the goblin!
You kill the goblin!
The goblin hits you but does no damage.
You hit the hobgoblin.
The hobgoblin is heavily wounded.
The hobgoblin completely misses you. The goblin hits you with a +0 dagger.
The goblin barely misses you. x2; The hobgoblin hits you.
You barely miss the hobgoblin.
The hobgoblin is heavily wounded.
The goblin hits you but does no damage. The goblin hits you with a +0 club.
* * * LOW HITPOINT WARNING * * *
The hobgoblin hits you.
* * * LOW HITPOINT WARNING * * *
Unknown command.
As you read the scroll labelled IMYUGHOOXY, it crumbles to dust.
It is a scroll of amnesia.
Really abort (and waste the scroll)? [Y]es or [N]o only, please.
Really abort (and waste the scroll)?
Okay, then.
The goblin hits you with a +0 dagger.
* * * LOW HITPOINT WARNING * * *
The hobgoblin hits you.
* * * LOW HITPOINT WARNING * * *
The goblin closely misses you.
Unknown command.
Okay, then.
It was a potion of haste.
You feel yourself speed up. The goblin closely misses you.
The goblin hits you but does no damage. The hobgoblin closely misses you.
Unknown command.
It was a potion of berserk rage.
A red film seems to cover your vision as you go berserk!
You feel yourself moving faster!
You feel mighty! The goblin hits you with a +0 dagger.
You die...

###.g.g....+ #......g.#####
..... ####+###.#...# .....
######.###†#.#.#.#......
.....g...........+......
####.#####.#g#.###......
+..........#.# .......
##...#.....#.####g.=.... ##
###...#..gg@g..# #
#....########### # #....+
....####### # #....###
#........#
#....'.######........#
#....#.##(...........+
#....#..#............+#####
#....##.#....†(...........#
###'###.#.................'


You could see a hobgoblin and 3 goblins.

Vanquished Creatures
  A dart slug (D:2)
  5 ball pythons (D:1)
  5 endoplasms
  3 giant cockroaches
  9 hobgoblins
  2 quokkas (D:1)
  4 bats (D:1)
  2 frilled lizards (D:1)
  5 goblins
  A kobold (D:1)
  A rat (D:1)
38 creatures vanquished.

Notes
Turn   | Place    | Note
-------+----------+-------------------------------------------
     0 | D:1      | Mesmaeker13 the Demigod Reaver began the quest for the Orb.
     0 | D:1      | Reached XP level 1. HP: 17/17 MP: 5/5
   230 | D:1      | Reached XP level 2. HP: 24/24 MP: 7/7
   435 | D:1      | Reached skill level 3 in Conjurations
   752 | D:1      | Reached XP level 3. HP: 23/29 MP: 8/8
  1329 | D:2      | Noticed Robin
  1372 | D:2      | HP: 1/30 [hobgoblin[Robin] (1)]
  1374 | D:2      | Slain by a goblin

Illustrated notes

Levels and vault maps discovered:
D:1:      amcnicky_arrival_blooded_trapdoor, layout_basic, minmay_misc_feat_tiny
D:2:      layout_basic, basic_altar, hellmonk_ecumenical_altar_inner_sanctum,
          uniq_robin

Skill      XL: |  1  2 |
---------------+-------+-----
Fighting       | 2 |  2.3
Dodging        | 2 |  2.3
Spellcasting   | 2 |  2.2
Conjurations   | 3 |  3.1
Long Blades    | |  2.6

Action                     || total
---------------------------++-------
  Melee: Falchion          ||    21
         Mace              ||   104
         Punch             ||     1
    Use: Potion            ||     2
         Scroll            ||     1
 Armour: Leather armour    ||    47
  Dodge: Dodged            ||   119
